 Dungeon Crawl Stone Soup version 0.25-a0-189-gf71692caf1 (webtiles) character file.

Game seed: 17610871202505145506, levelgen mode: deterministic

1313 Gargoyl the Chopper (level 8, -3/67 HPs)
             Began as a Centaur Abyssal Knight on Nov 29, 2019.
             Was a Priest of Lugonu.
             Slain by a hornet (9 damage)
             ... on level 6 of the Dungeon.
             The game lasted 00:08:39 (5706 turns).

Gargoyl the Chopper (Centaur Abyssal Knight)        Turns: 5706, Time: 00:08:39

Health: -3/67      AC: 13    Str: 15    XL:     8   Next: 32%
Magic:  11/11      EV:  3    Int: 11    God:    Lugonu [***...]
Gold:   109        SH:  0    Dex: 11    Spells: 7/7 levels left

rFire    . . .     SeeInvis .   d - +6 battleaxe (venom)
rCold    . . .     Gourm    .   (shield currently unavailable)
rNeg     . . .     Faith    .   l - +0 plate armour
rPois    .         Spirit   .   o - +2 helmet
rElec    .         Reflect  .   (no cloak)
rCorr    +         Harm     .   (no gloves)
MR       .....                  (no barding)
Stlth    ..........             g - amulet of regeneration
HPRegen  0.61/turn              t - ring of resist corrosion
MPRegen  0.12/turn              (no ring)

@: lethally poisoned (-3 -> -4), slowed, lightly drained
A: large, hooves 3, deformed body, speed 2, tough skin 3
a: Depart the Abyss, Bend Space, Banish, Renounce Religion


You were on level 6 of the Dungeon.
You worshipped Lugonu.
Lugonu was most pleased with you.
You were not hungry.

You visited 1 branch of the dungeon, and saw 7 of its levels.
You visited the Abyss 1 time.

You collected 272 gold pieces.
You spent 163 gold pieces at shops.

Inventory:

Hand Weapons
 a - a +1 hand axe
 d - a +6 battleaxe of venom (weapon)
Armour
 l - a +0 plate armour (worn)
 o - a +2 helmet (worn)
Jewellery
 g - an amulet of regeneration (around neck)
 t - a ring of resist corrosion (left hand)
Scrolls
 e - 2 scrolls of identify
 h - 2 scrolls of remove curse
 r - a scroll of fear
Potions
 b - 6 potions of curing
 f - 2 potions of flight
 i - a potion of cancellation
 j - a potion of haste
 k - a potion of magic
 n - a potion of agility
 p - a potion of brilliance
 q - a potion of heal wounds
Comestibles
 c - 9 rations


   Skills:
 + Level 4.4(4.3) Fighting
 + Level 4.9(4.8) Axes
 * Level 4.7 Armour
 * Level 2.8 Dodging
 * Level 4.4 Invocations


You had 7 spell levels left.
You didn't know any spells.
Your spell library contained the following spells:

 Spells                   Type           Power        Failure   Level  Hunger
 Animate Skeleton         Necr           N/A          100%        1    ##.....
 Pain                     Necr           #...         100%        1    ##.....
 Shock                    Conj/Air       #...         100%        1    ##.....
 Swiftness                Chrm/Air       #.......     100%        2    ###....
 Regeneration             Chrm/Necr      #.........   100%        3    ####...
 Static Discharge         Conj/Air       #.......     100%        3    ####...
 Vampiric Draining        Necr           #.........   100%        3    ####...
 Airstrike                Air            #.........   100%        4    #####..
 Animate Dead             Necr           N/A          100%        4    #####..
 Lightning Bolt           Conj/Air       #.........   100%        5    ######.


Dungeon Overview and Level Annotations

Branches:
Dungeon (7/15)             Temple (0/1) D:5

Altars:
Gozag
Nemelex Xobeh
Trog
Uskayaw
The Shining One

Shops:
D:4 !=*?


Innate Abilities, Weirdness & Mutations

You have hooves in place of feet.
Armour fits poorly on your strangely shaped body.
You cover ground very quickly.
You have extremely tough skin. (AC +3)


Message History

The hornet stings you but does no damage.
You feel sick.
There is a stone staircase leading up here.
You feel sick. The hornet stings you!
* * * LOW HITPOINT WARNING * * *
You feel as though you will be slow longer.
The adder zombie bites you but does no damage.
The hornet stings you but does no damage.
The adder zombie bites you but does no damage.
The crimson imp barely misses you.
You climb upwards.
You feel very sick.
There is a stone staircase leading down here.
Press: ? - help, Shift-Dir - straight line, f - hornet
Aim: a hornet (chance to defeat MR: 76%)
You fail to use your ability.
You feel sick. The hornet stings you!
* * * LOW HITPOINT WARNING * * *
You feel as though you will be slow longer.
The hornet stings you!
You die...

#..#......######..##########...##
#########...####..####....####+##
#........................#
#........................#
#........................#
#........................#
#........................#
#........................'
##...##.y@.#####'####....#
########'###....####....#
#......#............+
#......#............#
#......#............#
#>.....#............#
#...................#
#######.............#
#.............#


You could see a hornet.

Vanquished Creatures
  A water moccasin (D:4)
  An ice beast (D:5)
  2 phantoms (D:4)
  A centaur (D:5)
  A crocodile (D:5)
  A howler monkey (D:4)
  5 crimson imps
  A bullfrog zombie (D:5)
  A hound (D:4)
  2 orc priests
  2 orc wizards (D:6)
  An iguana (D:6)
  2 worker ants (D:4)
  Natasha (D:4)
  Ijyb (D:3)
  2 hound skeletons
  A worker ant zombie (D:5)
  14 adders
  A shadow imp (D:6)
  An ooze (D:1)
  2 adder skeletons
  2 adder zombies (D:6)
  2 worms (D:2)
  A dart slug (D:2)
  3 leopard geckos
  14 orcs
  A ball python (D:6)
  6 bats
  3 giant cockroaches
  4 goblins
  4 hobgoblins (D:3)
  2 jackals (D:4)
  A quokka (D:3)
  6 frilled lizards
  7 kobolds
  A rat (D:2)
101 creatures vanquished.

Notes
Turn   | Place    | Note
-------+----------+-------------------------------------------
     0 | Abyss:1  | Gargoyl the Centaur Abyssal Knight began the quest for the
                  | Orb.
     0 | Abyss:1  | Reached XP level 1. HP: 19/19 MP: 2/2
    41 | Abyss:2  | Found a corrupted altar of Lugonu.
    64 | Abyss:2  | Found a viscous altar of Jiyva.
    78 | Abyss:2  | Found a corrupted altar of Lugonu.
    83 | Abyss:2  | Noticed an orange demon
    84 | Abyss:2  | Noticed a starcursed mass
    94 | D:1      | Escaped the Abyss
   288 | D:1      | Reached * piety under Lugonu
   371 | D:1      | Reached XP level 2. HP: 26/26 MP: 3/3
  1123 | D:2      | Reached skill level 1 in Dodging
  1270 | D:2      | Reached XP level 3. HP: 12/31 MP: 4/4
  2377 | D:3      | Found an opulent altar of Gozag.
  2429 | D:3      | Reached XP level 4. HP: 38/38 MP: 5/5
  2922 | D:3      | Noticed Ijyb
  3014 | D:3      | Killed Ijyb
  3178 | D:3      | Reached XP level 5. HP: 39/45 MP: 7/7
  3569 | D:3      | Found a bloodstained altar of Trog.
  3681 | D:4      | Noticed a phantom
  3685 | D:4      | Reached ** piety under Lugonu
  3787 | D:4      | Killed a phantom
  3787 | D:4      | Reached XP level 6. HP: 52/52 MP: 8/8
  3892 | D:4      | Found Gitefuub's Distillery.
  3897 | D:4      | Bought a potion of heal wounds for 55 gold pieces
  3897 | D:4      | Bought a potion of curing for 33 gold pieces
  3954 | D:4      | Found a glowing golden altar of the Shining One.
  3957 | D:4      | Found a hide-covered altar of Uskayaw.
  3959 | D:4      | Found Jigu's Assorted Antiques.
  4005 | D:4      | Found Jamol's Jewellery Shoppe.
  4415 | D:4      | Noticed a water moccasin
  4419 | D:4      | Killed a water moccasin
  4419 | D:4      | Reached XP level 7. HP: 53/59 MP: 9/9
  4547 | D:4      | Noticed Natasha
  4552 | D:5      | Entered Level 5 of the Dungeon
  4636 | D:4      | Found Vuuporch's Magic Scroll Shoppe.
  4637 | D:4      | Killed Natasha
  4680 | D:4      | Bought a scroll of enchant weapon for 75 gold pieces
  4699 | D:5      | Found a staircase to the Ecumenical Temple.
  4965 | D:5      | Reached XP level 8. HP: 66/66 MP: 11/11
  5182 | D:6      | Reached *** piety under Lugonu
  5545 | D:6      | Found a sparkling altar of Nemelex Xobeh.
  5696 | D:7      | Noticed a hornet
  5699 | D:7      | Paralysed by a hornet for 2 turns
  5706 | D:6      | Slain by a hornet

Levels and vault maps discovered:
D:1:      minmay_arrival_four_loops, layout_loops_corners
D:2:      layout_rooms, serial_curves, eino_curves_03, eino_curves_03,
          eino_curves_04, eino_curves_01, first_ration
D:3:      layout_loops_corners, bloody_trog, nicolae_gozag_seed_capital,
          uniq_ijyb
D:4:      layout_basic, grunt_temple_overflow_open, serial_shops, shop,
          nicolae_shop_stone, shop, nicolae_shop_waterfront, uniq_natasha
D:5:      layout_basic, temple_fountains, minmay_misc_feat_x
D:6:      layout_gridville, nrook_uturn, st_stairs_14, hex_medium,
          nemelex_diamond_rough_becter
D:7:      layout_cave_pools, okawaru_humans

Skill      XL: |  1  2  3  4  5  6  7 |
---------------+----------------------+-----
Axes           | 2 3 4 |  4.9
Dodging        | 1 2 |  2.8
Armour         | 2 3 4 |  4.7
Invocations    | 3 4 |  4.4
Fighting       | 4 |  4.4

Action                   |  1- 3 |  4- 6 |  7- 9 || total
-------------------------+-------+-------+-------++-------
Melee: Battleaxe         |    74 |   145 |    89 ||   308
       Kick              |     8 |    22 |    20 ||    50
Invok: Depart the Abyss  |     1 |       |       ||     1
Evoke: Wand              |       |     1 |       ||     1
  Use: Scroll            |     8 |     1 |    10 ||    19
       Potion            |     2 |       |       ||     2
  Eat: Chunk             |     2 |     6 |     4 ||    12
Armor: Leather armour    |     3 |       |       ||     3
       Scale mail        |    35 |     6 |       ||    41
       Plate armour      |       |   133 |   102 ||   235
Dodge: Dodged            |    50 |    22 |    19 ||    91

Table legend:
 A = Non-vault XP
 B = Vault XP
 C = Vault XP percentage of total XP
 D = Non-vault monster count
 E = Vault monster count
 F = Vault count percentage of total count
                 A         B        C        D         E       F
            +---------+---------+-------+---------+---------+-------
      Total |    1809 |      68 |   3.6 |      99 |       2 |   2.0
            +---------+---------+-------+---------+---------+-------
        D:1 |      25 |       0 |   0.0 |      13 |       0 |   0.0
        D:2 |      55 |       0 |   0.0 |      14 |       0 |   0.0
        D:3 |     128 |      33 |  20.5 |      23 |       1 |   4.2
        D:4 |     637 |      35 |   5.2 |      12 |       1 |   7.7
        D:5 |     624 |       0 |   0.0 |      17 |       0 |   0.0
        D:6 |     340 |       0 |   0.0 |      20 |       0 |   0.0
            +---------+---------+-------+---------+---------+-------
